[Event "Niedersachsen-ch 2020"]
[Site "Verden-Aller"]
[Date "2020.01.05"]
[Round "7.2"]
[White "Abel, Dennes"]
[Black "Hampel, Felix"]
[Result "1/2-1/2"]
[ECO "D14"]
[WhiteElo "2463"]
[BlackElo "2290"]
[Annotator "ChessBase"]
[PlyCount "25"]
[EventDate "2020.01.02"]
[EventType "swiss"]
[EventCountry "GER"]
[SourceTitle "playchess.com"]
[Source "ChessBase"]
[SourceQuality "1"]
[TimeControl "40/5400+30:1800+30"]

1. d4 d5 2. c4 c6 3. cxd5 cxd5 4. Nc3 Nf6 5. Bf4 Nc6 6. e3 Bf5 7. Nf3 e6 8. Qb3 Bb4 9. Ne5 Qa5 10. a3 Bxc3+ 11. Qxc3 Qxc3+ 12. bxc3 Na5 13. c4 1/2-1/2

[Event "Niedersachsen-ch 2020"]
[Site "Verden-Aller"]
[Date "2020.01.05"]
[Round "7.3"]
[White "Hoerstmann, Rudi"]
[Black "Riemay, David"]
[Result "0-1"]
[ECO "D35"]
[WhiteElo "2241"]
[BlackElo "2139"]
[Annotator "NA"]
[PlyCount "74"]
[EventDate "2020.01.02"]
[EventType "swiss"]
[EventCountry "GER"]
[SourceTitle "playchess.com"]
[Source "ChessBase"]
[SourceQuality "1"]
[TimeControl "40/5400+30:1800+30"]

1. d4 d5 2. c4 e6 3. Nc3 Nf6 4. cxd5 exd5 5. Bg5 c6 6. e3 Be6 7. Bd3 Nbd7 8. Qc2 h6 9. Bh4 g5 10. Bg3 Nh5 11. Nge2 Nxg3 12. Nxg3 h5 13. O-O-O Qf6 14. Nf5 O-O-O 15. g3 Kb8 16. Kb1 Rc8 17. h3 c5 $11 18. dxc5 Bxc5 19. Nd4 Ne5 20. Ka1 Bxd4 21. exd4 Nf3 22. Bf1 Nxd4 23. Qd2 Nf3 24. Qd3 d4 25. Ne4 Qf5 26. Bg2 Qa5 27. Qb1 Ne5 28. Nd6 Rc2 29. Rxd4 Rxf2 30. Bxb7 Rd8 31. Be4 Rxd6 32. Rxd6 Nc4 33. Rxe6 fxe6 34. Qd3 Rxb2 35. Qxc4 Qe5 36. Rc1 Rc2+ 37. Kb1 Qb2# 0-1

[Event "Niedersachsen-ch 2020"]
[Site "Verden-Aller"]
[Date "2020.01.05"]
[Round "7.4"]
[White "Schulze, Torben"]
[Black "Renner, Kai"]
[Result "1-0"]
[ECO "C02"]
[WhiteElo "2266"]
[BlackElo "2180"]
[Annotator "NA"]
[PlyCount "117"]
[EventDate "2020.01.02"]
[EventType "swiss"]
[EventCountry "GER"]
[SourceTitle "playchess.com"]
[Source "ChessBase"]
[SourceQuality "1"]
[TimeControl "40/5400+30:1800+30"]

1. e4 c5 2. Nf3 e6 3. c3 d5 4. e5 Nc6 5. d4 Bd7 6. Be2 f6 7. O-O fxe5 8. Nxe5 Nxe5 9. dxe5 Ne7 10. Bd3 $11 Qc7 11. Qh5+ g6 12. Qe2 Bg7 13. f4 O-O-O 14. Nd2 Nc6 15. Nf3 Bf8 16. Rb1 c4 17. Bc2 Bc5+ 18. Kh1 Ne7 19. Be3 Kb8 20. Rfd1 Rdf8 21. Qf2 b6 22. b4 cxb3 23. Bxb3 Ka8 24. Qe2 Bxe3 25. Qxe3 Nf5 26. Qd3 Rc8 27. c4 dxc4 28. Qxd7 Qxd7 29. Rxd7 cxb3 30. axb3 Rhd8 31. Rxh7 Nd4 32. Ng5 Nxb3 33. Nxe6 Rd3 34. Rg7 a5 35. Rxg6 a4 36. Rg3 Rdc3 37. Kg1 Rxg3 38. hxg3 Rc1+ 39. Rxc1 Nxc1 40. Nd4 Kb7 41. e6 Kc7 42. f5 Kd6 43. f6 Ne2+ 44. Nxe2 Kxe6 45. Nc3 a3 46. g4 Kxf6 47. Kf2 b5 48. Na2 Kg6 49. Kf3 Kg5 50. g3 Kg6 51. Kf4 Kf6 52. g5+ Kg6 53. Kg4 Kg7 54. Kf5 Kf7 55. g6+ Kg7 56. Kg5 Kg8 57. Kh6 Kh8 58. g7+ Kg8 59. Nb4 1-0

[Event "Niedersachsen-ch 2020"]
[Site "Verden-Aller"]
[Date "2020.01.05"]
[Round "7.5"]
[White "Ermel, Dirk"]
[Black "Pubantz, Jan"]
[Result "0-1"]
[ECO "D00"]
[WhiteElo "2125"]
[BlackElo "2233"]
[Annotator "NA"]
[PlyCount "50"]
[EventDate "2020.01.02"]
[EventType "swiss"]
[EventCountry "GER"]
[SourceTitle "playchess.com"]
[Source "ChessBase"]
[SourceQuality "1"]
[TimeControl "40/5400+30:1800+30"]

1. d4 d5 2. Bf4 Nf6 3. e3 c5 4. c3 Nc6 5. Nf3 Qb6 6. Qb3 c4 $11 7. Qxb6 axb6 8. Na3 Na7 9. Be2 Bf5 10. Ne5 h5 11. Rc1 b5 12. Nc2 Nc8 13. Nb4 e6 14. a3 Nb6 15. Bd1 Ne4 16. f3 Nd6 17. Bc2 Na4 18. Bxf5 Nxf5 19. Rc2 Be7 20. Kd2 g5 21. Bg3 Bxb4 22. Nxf7 Kxf7 23. cxb4 Nxg3 24. hxg3 Kg6 25. Kc1 Rhc8 0-1

[Event "Niedersachsen-ch 2020"]
[Site "Verden-Aller"]
[Date "2020.01.05"]
[Round "7.6"]
[White "Knuedel, Torben"]
[Black "Stelmaszyk, Nico"]
[Result "0-1"]
[ECO "B33"]
[WhiteElo "2185"]
[BlackElo "2203"]
[Annotator "NA"]
[PlyCount "78"]
[EventDate "2020.01.02"]
[EventType "swiss"]
[EventCountry "GER"]
[SourceTitle "playchess.com"]
[Source "ChessBase"]
[SourceQuality "1"]
[TimeControl "40/5400+30:1800+30"]

1. e4 c5 2. Nf3 e6 3. d4 cxd4 4. Nxd4 Nc6 5. Nc3 Nf6 6. Ndb5 d6 7. Bf4 e5 8. Bg5 a6 9. Na3 b5 10. Bxf6 gxf6 11. Nd5 Bg7 12. c3 f5 13. Bd3 Be6 14. Nxb5 axb5 15. Bxb5 Bd7 16. exf5 O-O 17. O-O Re8 18. a4 e4 19. Qg4 Kh8 20. Rad1 $14 Re5 21. Ne3 Qe7 22. Rd5 Rxd5 23. Nxd5 Qe5 24. Nb6 Bxf5 25. Qh5 Rb8 26. Nc4 Qe6 27. Nxd6 Bg6 28. Qc5 Ne5 29. Qc7 Rg8 30. a5 Nf3+ 31. Kh1 Be5 32. Rd1 Bh5 33. Qd7 Nh4 34. Nxf7+ Qxf7 35. Qxf7 Bxf7 36. Rd7 Rxg2 37. a6 Rxh2+ 38. Kg1 Nf3+ 39. Kf1 Rh1+ 0-1

[Event "Niedersachsen-ch 2020"]
[Site "Verden-Aller"]
[Date "2020.01.05"]
[Round "7.7"]
[White "Hartogh, Christian"]
[Black "Stotyn, Fabian"]
[Result "0-1"]
[ECO "B30"]
[WhiteElo "2075"]
[BlackElo "2198"]
[Annotator "NA"]
[PlyCount "134"]
[EventDate "2020.01.02"]
[EventType "swiss"]
[EventCountry "GER"]
[SourceTitle "playchess.com"]
[Source "ChessBase"]
[SourceQuality "1"]
[TimeControl "40/5400+30:1800+30"]

1. e4 c5 2. Nf3 Nc6 3. c3 d5 4. exd5 Qxd5 5. d4 e5 6. dxe5 Qxd1+ 7. Kxd1 Bg4 8. Ke1 Bxf3 9. gxf3 Nxe5 10. Bb5+ Kd8 11. Bf4 Bd6 12. Ke2 a6 13. Rd1 Kc7 14. Bxe5 Bxe5 15. Rd7+ Kb6 16. Bc4 Kc6 17. Rd3 Nh6 18. Bd5+ Kc7 $11 19. h3 Rhe8 20. Kf1 Rad8 21. Nd2 Bf4 22. Rd1 Bxd2 23. R1xd2 Re7 24. Re3 Nf5 25. Red3 Nh4 26. Be4 Rxd3 27. Rxd3 f5 28. Bd5 b6 29. Re3 Ng6 30. Be6 f4 31. Re4 Kd6 32. Bc4 b5 33. Be2 Rxe4 34. fxe4 Ne5 35. f3 a5 36. Kg2 b4 37. h4 Ke6 38. Bb5 Kf6 39. a4 Kg6 40. cxb4 cxb4 41. Be8+ Kh6 42. Kh3 g6 43. Bb5 Kg7 44. Be2 Kf6 45. Ba6 h6 46. Kg2 Ke7 47. Be2 Kd6 48. Kf2 Kc5 49. Ke1 Kd4 50. Kd2 g5 51. hxg5 hxg5 52. b3 g4 53. fxg4 Kxe4 54. Bd1 Kd5 55. g5 Ke6 56. g6 Kf6 57. Bc2 Nf3+ 58. Kd1 Nd4 59. Be4 Nxb3 60. Ke2 Nc5 61. Bf5 Ne6 62. Be4 Nf8 63. Kd3 Nxg6 64. Kc4 Ne5+ 65. Kb5 f3 66. Kxa5 f2 67. Bg2 b3 0-1

[Event "Niedersachsen-ch 2020"]
[Site "Verden-Aller"]
[Date "2020.01.05"]
[Round "7.8"]
[White "Ewert, Hannes"]
[Black "Gentemann, Moritz"]
[Result "1/2-1/2"]
[ECO "A06"]
[WhiteElo "2256"]
[BlackElo "2185"]
[Annotator "NA"]
[PlyCount "91"]
[EventDate "2020.01.02"]
[EventType "swiss"]
[EventCountry "GER"]
[SourceTitle "playchess.com"]
[Source "ChessBase"]
[SourceQuality "1"]
[TimeControl "40/5400+30:1800+30"]

1. Nf3 d5 2. g3 g6 3. Bg2 Bg7 4. O-O e5 5. d3 Ne7 6. c4 dxc4 7. Qa4+ Nbc6 8. Qxc4 O-O 9. Nc3 h6 10. Bd2 Nd4 11. Rac1 c6 12. Rfe1 $15 Bg4 13. Nxd4 exd4 14. Nb1 Be6 15. Qa4 Bd5 16. Bb4 Bxg2 17. Bxe7 Qxe7 18. Kxg2 Rfe8 19. Nd2 a6 20. a3 Rad8 21. Nf3 Rd5 22. Rc2 h5 23. h4 Qd7 24. b4 f5 25. Qb3 Kh8 26. Rc5 Rd6 27. Ng5 Re7 28. f4 Bf6 29. Nf3 Rde6 30. Qc2 Re8 31. Kf2 Qe7 32. Rc4 Rd6 33. Qd2 Rd5 34. Rec1 Kg7 35. R1c2 Red8 36. Rc5 Qe6 37. R5c4 Ra8 38. a4 Rad8 39. Qc1 R8d7 40. Kf1 Re7 41. Rb2 Kh7 42. Rc5 Qd6 43. Qc4 Rd7 44. Rc2 Kg7 45. Nd2 Qe7 46. Nf3 1/2-1/2

[Event "Niedersachsen-ch 2020"]
[Site "Verden-Aller"]
[Date "2020.01.05"]
[Round "7.9"]
[White "Webner, Dennis"]
[Black "Colbow, Collin"]
[Result "1/2-1/2"]
[ECO "A45"]
[WhiteElo "2113"]
[BlackElo "2098"]
[Annotator "NA"]
[PlyCount "44"]
[EventDate "2020.01.02"]
[EventType "swiss"]
[EventCountry "GER"]
[SourceTitle "playchess.com"]
[Source "ChessBase"]
[SourceQuality "1"]
[TimeControl "40/5400+30:1800+30"]

1. d4 Nf6 2. Nc3 d5 3. Bf4 e6 4. e3 Bb4 5. Bd3 c5 6. dxc5 Nbd7 $11 7. Nge2 Nxc5 8. O-O O-O 9. a3 Nxd3 10. cxd3 Be7 11. Qb3 Nd7 12. d4 Nb6 13. Nb5 Bd7 14. Bc7 Qc8 15. Bxb6 axb6 16. Rac1 Bc6 17. Nec3 Qd7 18. a4 Ra5 19. Ra1 Rfa8 20. Rfc1 h6 21. f3 Qd8 22. Kf2 Kf8 1/2-1/2

[Event "Niedersachsen-ch 2020"]
[Site "Verden-Aller"]
[Date "2020.01.05"]
[Round "7.10"]
[White "Meyer, Heinz-Dieter"]
[Black "Kiesel, Lucas"]
[Result "1/2-1/2"]
[ECO "A13"]
[WhiteElo "2102"]
[BlackElo "1989"]
[Annotator "NA"]
[PlyCount "60"]
[EventDate "2020.01.02"]
[EventType "swiss"]
[EventCountry "GER"]
[SourceTitle "playchess.com"]
[Source "ChessBase"]
[SourceQuality "1"]
[TimeControl "40/5400+30:1800+30"]

1. c4 e6 2. Nf3 f5 3. g3 Nf6 4. Bg2 Be7 5. O-O O-O 6. b3 c6 7. Bb2 d5 $14 8. e3 Nbd7 9. cxd5 exd5 10. Nc3 Ne4 11. d3 Nd6 12. Ne2 Bf6 13. Qc2 Qe7 14. Rac1 Bxb2 15. Qxb2 Nf7 16. d4 Nf6 17. b4 Bd7 18. Nf4 a6 19. Nd3 Ne4 20. Nde5 Ned6 21. a4 Nxe5 22. Nxe5 Be6 23. Rfe1 g6 24. Bf1 Rfc8 25. Rc5 Qd8 26. Rec1 Qb6 27. Qa3 Kg7 28. Bd3 Kg8 29. Bf1 Kg7 30. Bd3 Kg8 1/2-1/2

[Event "Niedersachsen-ch 2020"]
[Site "Verden-Aller"]
[Date "2020.01.05"]
[Round "7.11"]
[White "Balazs, Kata"]
[Black "Santos, Jose"]
[Result "1/2-1/2"]
[ECO "A45"]
[WhiteElo "1624"]
[BlackElo "1771"]
[Annotator "NA"]
[PlyCount "81"]
[EventDate "2020.01.02"]
[EventType "swiss"]
[EventCountry "GER"]
[SourceTitle "playchess.com"]
[Source "ChessBase"]
[SourceQuality "1"]
[TimeControl "40/5400+30:1800+30"]

1. d4 Nf6 2. Nc3 d5 3. Bf4 a6 4. e3 e6 5. Bd3 c5 6. Nf3 Nc6 7. O-O cxd4 8. exd4 Bd6 9. Qd2 Qc7 10. Bxd6 Qxd6 11. Rfe1 O-O 12. a3 b5 13. Qg5 Ne7 14. Ne5 Nf5 15. Ng4 Nxg4 16. Qxg4 Ne7 17. Re3 f5 18. Qh5 Bd7 19. Rh3 h6 20. Rg3 Rf6 21. Ne2 Raf8 22. h4 Be8 23. Qf3 f4 24. Rh3 Nf5 25. c3 Ne7 26. Bc2 Bg6 27. Bxg6 Nxg6 28. h5 Ne7 29. Re1 Qc7 30. Nc1 Qc4 31. Nd3 Nc6 32. Rh4 a5 33. Rxf4 b4 34. axb4 axb4 35. Rxe6 Rxf4 36. Nxf4 Nxd4 37. cxd4 Qc1+ 38. Kh2 Qxf4+ 39. Qg3 Qxf2 40. Qxf2 Rxf2 41. Re5 1/2-1/2

[Event "Niedersachsen-ch 2020"]
[Site "Verden-Aller"]
[Date "2020.01.05"]
[Round "7.12"]
[White "Wetjen, Fabian"]
[Black "Buchloh, Adrian"]
[Result "1/2-1/2"]
[ECO "D00"]
[WhiteElo "1748"]
[BlackElo "1549"]
[Annotator "NA"]
[PlyCount "59"]
[EventDate "2020.01.02"]
[EventType "swiss"]
[EventCountry "GER"]
[SourceTitle "playchess.com"]
[Source "ChessBase"]
[SourceQuality "1"]
[TimeControl "40/5400+30:1800+30"]

1. d4 d5 2. Bf4 c5 3. e3 Nf6 4. Nd2 Nc6 5. c3 Bf5 6. Ngf3 e6 7. Qb3 Qc8 8. c4 cxd4 9. Nxd4 Nxd4 10. exd4 Be7 11. cxd5 exd5 12. Bb5+ Bd7 13. Bd3 O-O 14. O-O Re8 15. Rac1 Bc6 16. h3 Qd7 17. Qc2 Bd6 18. Bxd6 Qxd6 19. Nf3 Rac8 20. Qb1 Ne4 21. Rfd1 Qf4 22. Re1 f6 23. Re3 g6 24. Rce1 Kf7 25. Qd1 Nd6 26. g3 Qh6 27. Kg2 Bd7 28. g4 Qf4 29. Qb3 Bc6 30. Rxe8 1/2-1/2